cohdb
Replays
Latest Replays
All Replays
Popular Replays
Top Player Replays
Match Explorer
How It Works
Community
CoH3 Stats
Reddit
Sign in to upload your games and track your stats! →
Sign in with Steam
Match 42124836
Unlisted
Match 42124836
Overview
Messages
Build Orders
End
Panzergrenadier Squad
250 Light Carrier
Panzerpioneer Squad
Construct Light Support Kompanie
Combat Half-tracks
Selects Armored Support Battlegroup
Selects Salvage Kits
Assault Grenadier Squad
Selects Superior Fire Drills
Fire Support Elements
Panzerjäger Mechanized Group
Flakvierling Half-track
Vehicle Survival Package
Panzergrenadier Squad
Veteran Squad Leaders
2.5-tonne Medical Truck
Selects Flammpanzer III Medium Tank
Assault Mechanized Group
Flammpanzer III Medium Tank
Selects Command Panzer IV F Medium Tank
Selects Panzer Storm
Assault Mechanized Group
Construct Panzerarmee Kommand
Selects Stuka Anti-tank Loiter
Walking Stuka Rocket Launcher
Armored Reserves
Tiger Heavy Tank
Stuka Anti-tank Loiter
Mask-6
TheGreatone
SuZhaoY
Sparkle
Mo-J
Wheeler
0
0
Comments
sign in to comment!
No comments posted yet!